 Dungeon Crawl Stone Soup version 0.28.0-53-g5a82cb258f (webtiles) character file.

Game seed: 15615633227764211837

154 DocClef the Cudgeller (level 5, -1/41 HPs)
             Began as a Demonspawn Berserker on July 4, 2022.
             Was a Believer of Trog.
             Shot with an arrow by a centaur (5 damage)
             ... on level 3 of the Dungeon.
             The game lasted 00:01:54 (1943 turns).

DocClef the Cudgeller (Demonspawn Berserker)        Turns: 1943, Time: 00:01:54

Health: -1/41      AC: 17    Str: 20    XL:     5   Next: 13%
Magic:  5/5        EV:  6    Int:  8    God:    Trog [**....]
Gold:   118        SH:  0    Dex: 18    Spells: 4/4 levels left

rFire   + . .      SeeInvis .   a - +0 mace
rCold   + + .      Faith    .   (no shield)
rNeg    . . .      Spirit   .   c - +4 plate armour
rPois   .          Reflect  .   (helmet restricted)
rElec   .          Harm     .   l - scarf {rC+ rF+}
rCorr   .          Rampage  .   (no gloves)
Will    .....                   (no boots)
Stlth   ..........              (no amulet)
HPRegen 0.13/turn               k - +6 ring of dexterity
MPRegen 0.09/turn               m - ring of protection from cold

@: no status effects
A: horns 1, yellow scales 2
a: Renounce Religion, Berserk, Trog's Hand


You were on level 3 of the Dungeon.
You worshipped Trog.
Trog was pleased with you.
You visited 1 branch of the dungeon, and saw 3 of its levels.

You collected 118 gold pieces.

Inventory:

Hand Weapons
 a - a +0 mace (weapon)
Armour
 c - a +4 plate armour (worn)
 l - a scarf of resistance (worn)
Jewellery
 k - a +6 ring of dexterity (left hand)
 m - a ring of protection from cold (right hand)
Scrolls
 d - a scroll of silence {unknown}
 f - a scroll of immolation {unknown}
 g - a scroll of fog {unknown}
 h - a scroll of blinking {unknown}
 i - a scroll of vulnerability {unknown}
 n - a scroll of identify {unknown}
Potions
 e - a potion of might
 j - a potion of haste
 o - a potion of ambrosia {unknown}


   Skills:
 - Level 3.0 Fighting
 + Level 5.3 Maces & Flails
 - Level 1.7 Armour
 - Level 1.7 Dodging


You had 4 spell levels left.
You didn't know any spells.
Your spell library was empty.

Dungeon Overview and Level Annotations

Branches:
Dungeon (3/15)

Altars:
Kikubaaqudgha


Innate Abilities, Weirdness & Mutations

You have a pair of small horns on your head.
You are mostly covered in yellow scales. (AC +3)


Message History

An adder is nearby!
An adder is nearby!
An adder is nearby!
An adder is nearby!
A centaur comes into view.
The centaur shouts!
The centaur wields a +0 shortbow.
The centaur shoots an arrow.
The arrow hits you but does no damage.
The centaur shoots an arrow.
The arrow hits you.
You miss the adder. You headbutt the adder.
The adder is moderately wounded.
The centaur shoots an arrow.
The arrow hits you but does no damage. The adder bites you but does no damage.
You hit the adder.
The adder is heavily wounded.
The centaur shoots an arrow.
The arrow hits you. The adder barely misses you.
The centaur shoots an arrow.
The arrow hits you. The adder bites you.
You barely miss the adder.
The adder is heavily wounded.
The centaur shoots an arrow.
The arrow hits you! The adder bites you but does no damage.
The centaur shoots an arrow.
The arrow hits you!
You are too injured to fight recklessly!
You are too injured to fight recklessly!
You are too injured to fight recklessly!
You are too injured to fight recklessly!
You are too injured to fight recklessly!
The adder bites you but does no damage. x2
The centaur shoots an arrow.
The arrow hits you but does no damage.
The centaur shoots an arrow.
The arrow closely misses you.
You open the door. The adder barely misses you.
The centaur shoots an arrow.
The arrow hits you.
* * * LOW HITPOINT WARNING * * *
Unknown command.
Found 14 gold pieces.
The centaur shoots an arrow.
The arrow hits you!
* * * LOW HITPOINT WARNING * * *
The adder barely misses you.
There is an open door here.
The centaur shoots an arrow.
The arrow hits you.
You die...

### #..#.....#.# #
##...†_....# #
###.....###
###§...§#
##.###.###
##......# #
##.......## ...
#.........####...##
+........S'@.....$#
#.........####...##
##.......## ##
##..c#### #..# #.#
#. #


You could see a centaur and an adder.

Vanquished Creatures
  3 orc priests (D:3)
  An adder (D:2)
  3 worms
  A dart slug (D:2)
  An orc (D:3)
  4 endoplasms
  3 giant cockroaches
  7 goblins
  5 hobgoblins
  2 jackals (D:2)
  A quokka (D:1)
  4 ball pythons
  2 bats
  2 frilled lizards
  5 kobolds
  4 rats
48 creatures vanquished.

Notes
Turn   | Place    | Note
-------+----------+-------------------------------------------
     0 | D:1      | DocClef the Demonspawn Berserker began the quest for the
                  | Orb.
     0 | D:1      | Reached XP level 1. HP: 18/18 MP: 1/1
   220 | D:1      | Reached skill level 3 in Maces & Flails
   390 | D:1      | Gained mutation: You are partially covered in yellow
                  | scales. (AC +2) [demonic ancestry]
   390 | D:1      | Reached XP level 2. HP: 14/24 MP: 2/2
   836 | D:2      | Reached ** piety under Trog
   851 | D:2      | Gained mutation: You are mostly covered in yellow scales.
                  | (AC +3) [demonic ancestry]
   851 | D:2      | Reached XP level 3. HP: 27/29 MP: 3/3
   903 | D:2      | Reached skill level 4 in Maces & Flails
  1261 | D:2      | Found a faded altar of an unknown god.
  1399 | D:3      | Gained mutation: You have a pair of small horns on your
                  | head. [demonic ancestry]
  1399 | D:3      | Reached XP level 4. HP: 10/35 MP: 4/4
  1401 | D:3      | Reached skill level 5 in Maces & Flails
  1405 | D:3      | Reached XP level 5. HP: 21/41 MP: 5/5
  1917 | D:3      | Found an ancient bone altar of Kikubaaqudgha.
  1934 | D:3      | Noticed a centaur
  1943 | D:3      | Shot with an arrow by a centaur

Illustrated notes

Levels and vault maps discovered:
D:1:      beargit_arrival_diablo_church, layout_basic
D:2:      layout_rooms, dreamdust_ecumenical_altar_angels_and_demons
D:3:      kennysheep_six_static_rooms, layout_loops_corners,
          nicolae_kikubaaqudgha_miasma_corner, kennysheep_donut,
          minmay_strange_pillars, wander_ebering_terrifying_dragon_lair

Skill      XL: |  1  2  3  4 |
---------------+-------------+-----
Maces & Flails | 3 4 5 |  5.3
Fighting       | |  3.0
Armour         | |  1.7
Dodging        | |  1.7

Action                   |  1- 3 |  4- 6 || total
-------------------------+-------+-------++-------
Melee: Mace              |   120 |    37 ||   157
       Punch             |     1 |       ||     1
       Headbutt          |       |     6 ||     6
  Use: Potion            |     2 |     1 ||     3
Armor: Plate armour      |   110 |    20 ||   130
Dodge: Dodged            |    44 |     7 ||    51
